 Dungeon Crawl Stone Soup version 0.30.0-15-g856e2d3f33 (webtiles) character file.

Game seed: 8770672194621758991

282 SnakkuSnakku7 the Ruffian (level 6, -3/50 HPs)
             Began as a Ghoul Hexslinger on May 20, 2023.
             Slain by Menkaure (4 damage)
             ... on level 4 of the Dungeon.
             The game lasted 00:03:35 (3007 turns).

SnakkuSnakku7 the Ruffian (Ghoul Hexslinger)        Turns: 3007, Time: 00:03:36

Health: -3/50      AC:  8    Str: 16    XL:     6   Next: 28%
Magic:  6/6        EV:  7    Int:  8    God:
Gold:   218        SH:  0    Dex:  9    Spells: 6/7 levels left

rFire   . .          .
                       - Unarmed
rCold   + . .        (no shield)
rNeg    + + +        n - +0 chain mail
rPois   ∞            (no helmet)
rElec   .            (no cloak)
rCorr   .            (no gloves)
SInv    .            (no boots)
Will    .....        (no amulet) Stlth
                     (no ring)
HPRegen 0.00/turn    (no ring)
MPRegen 0.10/turn

%: no passive effects
@: inhibited regen
A: claws 1, cold resistance 1, negative energy resistance 3, inhibited
regeneration, torment resistance 2, devour on kill
a: no special abilities


You were on level 4 of the Dungeon.
You visited 1 branch of the dungeon, and saw 4 of its levels.

You collected 218 gold pieces.

Inventory:

Hand Weapons
 a - a +1 sling
Missiles
 h - 12 poisoned darts (quivered)
Armour
 c - a +0 robe
 d - a +0 ring mail
 n - a +0 chain mail (worn)
Scrolls
 b - a scroll of poison
 i - 3 scrolls of teleportation {unknown}
 k - 3 scrolls of identify {unknown}
 m - a scroll of immolation {unknown}
 o - a scroll of vulnerability {unknown}
 p - 3 scrolls of enchant weapon {unknown}
 q - a scroll of enchant armour {unknown}
Potions
 e - a potion of might {unknown}
 f - a potion of flight {unknown}
 g - 2 potions of haste {unknown}
 j - a potion of heal wounds {unknown}
 l - a potion of curing {unknown}


   Skills:
 + Level 2.6 Fighting
 - Level 1.7 Ranged Weapons
 - Level 3.0 Throwing
 - Level 1.7 Dodging
 + Level 4.6 Unarmed Combat
 - Level 1.0 Spellcasting
 - Level 2.4 Hexes


You had 6 spell levels left.
You knew the following spells:

 Your Spells              Type           Power      Damage    Failure   Level
a - Slow                  Hex            16%        N/A       91%         1

Your spell library contained the following spells:

 Spells                   Type           Power      Damage    Failure   Level
 Inner Flame              Hex/Fire       2%         N/A       100%        3
 Ozocubu's Armour         Ice            0%         N/A       100%        3
 Portal Projectile        Hex/Tloc       4%         N/A       100%        3
 Cause Fear               Hex            2%         N/A       100%        4
 Ozocubu's Refrigeration  Ice            0%         4d7       100%        7


Dungeon Overview and Level Annotations

Branches:
Dungeon (4/15)
 Temple: D:4-7

Altars:

Shops:
D:2 (

Annotations:
D:3 2 transporters, 1 runed translucent door, Crazy Yiuf; SecretSquirrel's ghost, amateur BaHu
D:4 Menkaure


Innate Abilities, Weirdness & Mutations

You are immune to poison.
You have sharp fingernails.
Your flesh is cold resistant. (rC+)
You are immune to negative energy. (rN+++)
You do not regenerate when monsters are visible.
You are immune to unholy pain and torment.
You thrive by killing the living.


Message History

There is a stone staircase leading up here.
Found 5 stones.
You open the door.
Found a glowing silver altar of Zin.
Found 2 gold pieces.
There is an open door here.
There is an open door here.
Menkaure, Prince of Dust comes into view.
Menkaure shouts!
You see here a scroll labelled XENELA GAURAL.
Menkaure is nearby!
You aren't carrying any items that you can evoke.
Unknown command.
You scratch Menkaure.
Menkaure is lightly damaged.
You scratch Menkaure but do no damage.
Menkaure is lightly damaged.
Menkaure barely misses you.
You scratch Menkaure.
Menkaure is moderately damaged.
Menkaure whispers a few words.
Menkaure hits you!
You scratch Menkaure.
Menkaure is heavily damaged.
Menkaure sighs a few words.
Menkaure hits you!!
You are too injured to fight recklessly!
You are too injured to fight recklessly!
You are too injured to fight recklessly!
You are too injured to fight recklessly!
You scratch Menkaure but do no damage.
Menkaure is heavily damaged.
You scratch Menkaure.
Menkaure is heavily damaged.
Menkaure hits you!!
* * * LOW HITPOINT WARNING * * *
You scratch Menkaure but do no damage.
Menkaure is heavily damaged.
Menkaure hits you.
You die...

........#
........# ..
#.......#####..
#..............
#..............
#..............
#............#
#......?M....#
#......@###+##
+.......#
#####+####.......#
.................#
.................#
.................#
..........########
####.<....#
#..##.....#


You could see Menkaure.

Vanquished Creatures
  A hound (D:3)
  A jelly (D:3)
  Terence (D:3)
  Natasha (twice) (D:3)
  5 adders
  4 gnolls
  An orc (D:3)
  5 endoplasms
  5 giant cockroaches
  6 goblins
  5 hobgoblins
  5 jackals
  4 quokkas
  6 ball pythons
  2 bats (D:2)
  2 frilled lizards
  7 kobolds
  6 rats
68 creatures vanquished.

Vanquished Creatures (others)
  A bat (D:2)
1 creature vanquished.

Grand Total: 69 creatures vanquished

Notes
Turn   | Place    | Note
-------+----------+-------------------------------------------
     0 | D:1      | SnakkuSnakku7 the Ghoul Hexslinger began the quest for the
                  | Orb.
     0 | D:1      | Reached XP level 1. HP: 16/16 MP: 1/1
    88 | D:1      | Reached skill level 1 in Unarmed Combat
    97 | D:1      | Reached XP level 2. HP: 23/24 MP: 2/2
   682 | D:1      | Reached XP level 3. HP: 26/29 MP: 3/3
   791 | D:1      | Reached skill level 2 in Unarmed Combat
   899 | D:2      | Found Litacog's Weapon Emporium.
  1003 | D:2      | Reached skill level 1 in Throwing
  1030 | D:2      | Reached XP level 4. HP: 36/36 MP: 4/4
  1224 | D:2      | Reached skill level 3 in Unarmed Combat
  1564 | D:2      | You fall into a shaft and drop 1 floor!
  1618 | D:3      | Found a transporter.
  1622 | D:3      | Reached XP level 5. HP: 32/41 MP: 5/5
  1628 | D:3      | Noticed SecretSquirrel's ghost (amateur BaHu)
  1863 | D:3      | Found a runed translucent door.
  1864 | D:3      | Noticed Crazy Yiuf
  1985 | D:3      | Noticed Natasha
  1992 | D:3      | Killed Natasha
  1993 | D:3      | Reached skill level 4 in Unarmed Combat
  2315 | D:3      | Noticed Terence
  2333 | D:3      | Killed Terence
  2334 | D:3      | Reached XP level 6. HP: 40/48 MP: 6/6
  2564 | D:3      | Found a transporter.
  2661 | D:3      | Noticed Natasha
  2676 | D:3      | Killed Natasha
  2993 | D:4      | Noticed Menkaure
  3006 | D:4      | HP: 1/50 [Menkaure (20)]
  3007 | D:4      | Slain by Menkaure

Illustrated notes

Levels and vault maps discovered:
D:1:      elethiomel_arrival_infinity_welcomes_careful_drivers,
          layout_loops_ring
D:2:      layout_basic, serial_shops, nicolae_shop_bloodbath_and_beyond
D:3:      layout_loops_corners, gammafunk_ghost_mausoleum,
          chequers_serial_rivers_large_a, uniq_crazy_yiuf_cottage, uniq_terence,
          uniq_natasha
D:4:      layout_gridville, pdpol_temple_overflow_zin_treasury_gozag_greed,
          uniq_robin, uniq_ijyb, uniq_menkaure

Skill      XL: |  1  2  3  4  5 |
---------------+----------------+-----
Unarmed Combat | 1 2 3 4 |  4.6
Fighting       | 2 |  2.6
Throwing       | 1 2 3 |  3.0
Ranged Weapons | |  1.7
Dodging        | |  1.7
Spellcasting   | |  1.0
Hexes          | |  2.4

Action                     |  1- 3 |  4- 6 || total
---------------------------+-------+-------++-------
  Melee: Unarmed           |    96 |   178 ||   274
         Punch             |     3 |       ||     3
   Fire: Sling             |    18 |       ||    18
  Throw: Dart              |     7 |    10 ||    17
   Cast: Slow              |     1 |       ||     1
 Armour: Ring mail         |    23 |    56 ||    79
         Chain mail        |       |    26 ||    26
  Dodge: Dodged            |    58 |   105 ||   163
